 Dungeon Crawl Stone Soup version 0.20-a0-277-g7db01f4 (webtiles) character file.

14 FitzyFitz the Digger (level 2, -1/13 HPs)
             Began as a Vine Stalker Earth Elementalist on Dec 11, 2016.
             Slain by a kobold
             ... wielding a +2 short sword of speed
              (4 damage)
             ... on level 2 of the Dungeon.
             The game lasted 00:01:31 (868 turns).

FitzyFitz the Digger (VSEE)                          Turns: 868, Time: 00:01:32

Health: -1/13      AC:  2    Str: 10    XL:     2   Next: 41%
Magic:  0/6        EV: 12    Int: 15    God:
Gold:   46         SH:  0    Dex: 14    Spells: 4/5 levels left

rFire  . . .     SeeInvis .     p - +0 hand axe
rCold  . . .     Gourm    .     c - +0 robe
rNeg   . . .     Faith    .     (no shield)
rPois  .         Spirit   +     (no helmet)
rElec  .         Reflect  .     (no cloak)
rCorr  .         Harm     .     (no gloves)
MR     +....                    (no boots)
Stlth  ++........               (no amulet)
                                (no ring)
                                g - ring of protection from magic

@: no status effects
A: fangs 2, magic shield, antimagic bite, no device heal 3, rot immunity
a: no special abilities


You were on level 2 of the Dungeon.
You were not hungry.

You visited 1 branch of the dungeon, and saw 2 of its levels.

You collected 46 gold pieces.

Inventory:

Hand Weapons
 p - a +0 hand axe (weapon)
Missiles
 b - 62 stones (quivered)
Armour
 c - a +0 robe (worn)
Jewellery
 g - a ring of protection from magic (left hand)
Scrolls
 f - a scroll of fog {unknown}
 h - a scroll of immolation {unknown}
 j - a scroll of fear {unknown}
 t - a scroll of recharging {unknown}
Potions
 a - a potion of degeneration {unknown}
 i - 2 potions of haste {unknown}
 k - a potion of might {unknown}
 m - a potion of flight {unknown}
 n - a potion of mutation {unknown}
 o - a potion of berserk rage {unknown}
 r - a potion of lignification {unknown}
Books
 e - a book of Geomancy

   Spells                             Type                      Level
   a - Sandblast                      Earth                        1
   b - Passwall                       Transmutation/Earth          2
   c - Stone Arrow                    Conjuration/Earth            3
   d - Petrify                        Transmutation/Earth          4
   e - Lee's Rapid Deconstruction     Earth                        5
Comestibles
 d - 4 bread rations
 l - a chunk of flesh
 q - 3 fruits
 s - a slice of pizza


   Skills:
 - Level 1.5 Dodging
 - Level 2.4 Stealth
 - Level 2.1 Spellcasting
   Level 1.0 Transmutations
 + Level 3.7 Earth Magic


You had 4 spell levels left.
You knew the following spells:

 Your Spells              Type           Power        Failure   Level  Hunger
a - Sandblast             Erth           ##....       6%          1    #......


Dungeon Overview and Level Annotations

Branches:
Dungeon (2/15)

Altars:


Innate Abilities, Weirdness & Mutations

You have extremely sharp teeth.
When hurt, damage is shared between your health and your magic reserves.
Your bite disrupts and absorbs the magic of your enemies.
Potions and wands cannot restore your health.
You are immune to rotting.


Message History

There is an escape hatch in the floor here.
There is a stone staircase leading down here.
You climb downwards.
A rat, a kobold and a dart slug come into view.
The kobold is wielding a short sword of speed.
Found a scroll labeled OJIDAE YRYI and a leather armour.
Found a stone staircase leading down.
There is a stone staircase leading up here.
The kobold throws a stone.
The stone misses you.
The kobold throws a stone.
The stone hits you.
You barely miss the rat. Your bite misses the rat. The rat misses you.
You hit the rat.
You kill the rat!
You hit the kobold.
The kobold hits you with a short sword of speed!
The dart slug launches a dart at you. The slug dart hits you!
* * * LOW HITPOINT WARNING * * *
The kobold hits you with a short sword of speed.
You die...

##########+##
#.....(.....#
#...........+
#....@......#
#....K......#
#...?>..w...#
#...........#
#...........#
#...........#
#...........#
#...........#


You could see a dart slug and a kobold.

Vanquished Creatures
  A dart slug (D:1)
  A leopard gecko (D:1)
  3 hobgoblins (D:1)
  3 bats (D:1)
  A goblin (D:1)
  3 rats
12 creatures vanquished.

Notes
Turn   | Place    | Note
-------+----------+-------------------------------------------
     0 | D:1      | FitzyFitz the Vine Stalker Earth Elementalist began the quest for the Orb.
     0 | D:1      | Reached XP level 1. HP: 9/9 MP: 4/4
   375 | D:1      | Reached XP level 2. HP: 13/13 MP: 4/6
   868 | D:2      | Slain by a kobold

Vault maps used:
D:1:      minmay_arrival_five_plusses
D:2:      small_statue_intersection, uniq_robin, uniq_sigmund, uniq_natasha

Action                   || total
-------------------------++-------
Melee: Hand axe          ||    11
       Bite              ||     2
 Cast: Sandblast         ||    19
Armor: Robe              ||     6
Dodge: Dodged            ||    22
